 Dungeon Crawl Stone Soup version 0.31-a0-931-g7b59d4eb97 (webtiles) character file.

Game seed: 7854485307897137266

117 pokeman the Magician (level 4, -6/25 HPs)
             Began as a Deep Elf Hedge Wizard on Oct 19, 2023.
             Mangled by a lemure (7 damage)
             ... led by Pikel
             ... on level 4 of the Dungeon.
             The game lasted 00:02:58 (3163 turns).

pokeman the Magician (Deep Elf Hedge Wizard)        Turns: 3163, Time: 00:02:58

Health: -6/25      AC:  3    Str:  7    XL:     4   Next: 71%
Magic:  11/13      EV: 13    Int: 21    God:
Gold:   139        SH:  0    Dex: 14    Spells: 6/14 levels left

rFire   . . .        o - +2 quarterstaff (chaos)
rCold   + . .        (shield currently unavailable)
rNeg    . . .        b - +0 robe
rPois   .            c - +0 hat
rElec   .            p - +0 cloak
rCorr   .            (no gloves)
SInv    .            (no boots)
Will    .....        (no amulet)
Stlth   ++           i - ring of wizardry
HPRegen 0.24/turn    t - ring of protection from cold
MPRegen 0.13/turn

%: wizardry (x1)
@: no status effects
A: no striking features
a: no special abilities


You were on level 4 of the Dungeon.
You visited 1 branch of the dungeon, and saw 4 of its levels.

You collected 139 gold pieces.

Inventory:

Hand Weapons
 o - a +2 quarterstaff of chaos (weapon)
Armour
 b - a +0 robe (worn)
 c - a +0 hat (worn)
 p - a +0 cloak (worn)
Jewellery
 i - a ring of wizardry (left hand)
 t - a ring of protection from cold (right hand)
Wands
 r - a wand of roots (8)
Scrolls
 a - a scroll of immolation {unknown}
 e - 3 scrolls of identify {unknown}
 f - a scroll of fog {unknown}
 g - a scroll of teleportation {unknown}
 h - a scroll of enchant weapon {unknown}
 k - a scroll of noise {unknown}
 l - 2 scrolls of fear {unknown}
 n - 2 scrolls of enchant armour {unknown}
 s - a scroll of poison {unknown}
Potions
 d - a potion of magic
 j - a potion of heal wounds {unknown}
 m - 2 potions of enlightenment {unknown}
 q - a potion of brilliance {unknown}
 u - a potion of curing {unknown}


   Skills:
 - Level 1.0 Fighting
 - Level 1.0 Armour
 + Level 2.9 Dodging
 + Level 2.9 Stealth
 * Level 5.8 Spellcasting
 + Level 2.3 Conjurations
 - Level 1.1 Summonings
 - Level 1.1 Translocations


You had 6 spell levels left.
You knew the following spells:

 Your Spells              Type           Power      Damage    Failure   Level
a - Magic Dart            Conj           64%        1d6       1%          1
b - Mephitic Cloud        Conj/Pois/Air  9%         N/A       9%          3
c - Call Imp              Summ           20%        N/A       4%          2
d - Blink                 Tloc           20%        N/A       4%          2

Your spell library contained the following spells:

 Spells                   Type           Power      Damage    Failure   Level
 Slow                     Hex            24%        N/A       4%          1
 Lesser Beckoning         Tloc           20%        N/A       4%          2
 Cigotuvi's Dreadful Rot  Necr/Pois/Air  12%        N/A       6%          2
 Gell's Gravitas          Tloc           10%        N/A       8%          3
 Teleport Other           Tloc           10%        N/A       8%          3


Dungeon Overview and Level Annotations

Branches:
Dungeon (4/15)
 Temple: D:4-7

Altars:

Annotations:
D:4 Pikel


Message History

Unknown command.
You strike the helpless Pikel from behind!
You sock Pikel!
Pikel is poisoned.
Pikel is lightly wounded.
Pikel is engulfed in noxious fumes.
Pikel hits you with a +0 whip of flaming.
Pikel burns you.
Pikel hits himself with a +0 whip of flaming.
You hit Pikel.
Pikel is severely wounded.
The lemure is engulfed in noxious fumes.
Unknown command.
You hit Pikel but do no damage.
Pikel is severely wounded.
The lemure is engulfed in noxious fumes.
Pikel is engulfed in noxious fumes.
Pikel appears confused.
Pikel closely misses you.
You hit Pikel but do no damage.
Pikel is severely wounded.
Pikel is engulfed in noxious fumes.
Pikel hits you with a +0 whip of flaming!
Pikel burns you.
Pikel is engulfed in noxious fumes.
Unknown command.
You hit Pikel but do no damage.
Pikel is severely wounded.
Pikel hits the lemure with a +0 whip of flaming.
Pikel burns the lemure.
You barely miss Pikel.
Pikel is severely wounded.
Pikel closely misses you. The lemure closely misses you.
You catch the helpless Pikel completely off-guard!
You hit Pikel. You burn Pikel.
Pikel is almost dead.
Pikel looks more healthy.
Pikel hits you with a +0 whip of flaming!
* * * LOW HITPOINT WARNING * * *
Pikel burns you.
* * * LOW HITPOINT WARNING * * *
The lemure hits you!
You die...

#.####...... ..
...... #. #...#
#.##...# #.<....#
..
.####....####...
#)...............
........5.......#
######..#@#####.#
#..#K# #..#5#
#..#5#
#.!.5.......
............55.
###.#>......K55 #
.########.. #. #


You could see Pikel (confused) and 4 lemures.

Vanquished Creatures
  Crazy Yiuf (D:2)
  3 adders
  2 worms
  A dart slug (D:1)
  An orc (D:4)
  2 ball pythons
  7 endoplasms
  A giant cockroach (D:3)
  3 goblins
  7 hobgoblins
  3 jackals (D:1)
  8 kobolds
  3 quokkas (D:1)
  3 frilled lizards (D:1)
  4 rats
49 creatures vanquished.

Notes
Turn   | Place    | Note
-------+----------+-------------------------------------------
     0 | D:1      | pokeman the Deep Elf Hedge Wizard began the quest for the
                  | Orb.
     0 | D:1      | Reached XP level 1. HP: 10/10 MP: 7/7
   404 | D:1      | Reached XP level 2. HP: 15/15 MP: 4/9
   779 | D:1      | Reached skill level 5 in Spellcasting
  1039 | D:1      | Reached XP level 3. HP: 18/20 MP: 6/11
  1043 | D:1      | Learned a level 3 spell: Mephitic Cloud
  1046 | D:1      | Learned a level 2 spell: Call Imp
  1049 | D:1      | Learned a level 2 spell: Blink
  1657 | D:2      | Reached skill level 1 in Fighting
  1659 | D:2      | Reached skill level 1 in Armour
  1894 | D:2      | Found a runed translucent door.
  1895 | D:2      | Noticed Crazy Yiuf
  1997 | D:2      | Killed Crazy Yiuf
  1998 | D:2      | Reached XP level 4. HP: 22/25 MP: 3/13
  3146 | D:4      | Noticed Pikel
  3146 | D:4      | Noticed a lemure
  3146 | D:4      | Noticed a lemure
  3146 | D:4      | Noticed a lemure
  3147 | D:4      | Noticed a lemure
  3163 | D:4      | HP: 1/25 [Pikel/+0 whip of flaming (4)]
  3163 | D:4      | Mangled by a lemure

Illustrated notes

Levels and vault maps discovered:
D:1:      tarquinn_simple_flora_water_b, layout_loops_corners
D:2:      layout_rooms, uniq_crazy_yiuf_cottage
D:3:      layout_loops_corners, minmay_misc_feat_more_columns, minmay_cut_off
D:4:      layout_loops_ring, kb_xom_exploding_sheep,
          mainiacjoe_overflow_catwalk_spiral, chequers_jeans, uniq_pikel,
          uniq_ijyb

Skill      XL: |  1  2  3 |
---------------+----------+-----
Spellcasting   | 5 |  5.8
Fighting       | 1 |  1.0
Armour         | 1 |  1.0
Conjurations   | 2 |  2.3
Dodging        | |  2.9
Stealth        | |  2.9
Summonings     | |  1.1
Translocations | |  1.1

Action                     |  1- 3 |  4- 6 || total
---------------------------+-------+-------++-------
  Melee: Mace              |    11 |       ||    11
         Quarterstaff      |       |     7 ||     7
   Cast: Magic Dart        |    97 |    38 ||   135
         Mephitic Cloud    |     1 |     1 ||     2
         Call Imp          |     1 |       ||     1
   Stab: Confused          |     1 |     2 ||     3
 Armour: Robe              |     9 |     7 ||    16
  Dodge: Dodged            |     7 |     5 ||    12

Table legend: (Time is in decaauts)
 A = Elapsed time spent in this place.
 B = Non-inter-level travel time spent in this place.
 C = Inter-level travel time spent in this place.
 D = Time resting spent in this place.
 E = Time spent auto-exploring this place.
 F = Levels seen in this place.
 G = Mean time per level.
                   A        B        C        D        E       F      G
               +--------+--------+--------+--------+--------+-----+--------+
         Total |   3166 |   3086 |     80 |      0 |   2784 |   4 |  791.5 |
       Dungeon |   3166 |   3086 |     80 |      0 |   2784 |   4 |  791.5 |
               +--------+--------+--------+--------+--------+-----+--------+

Top non-repeatable levels by time:
     D:1: 1428 daAuts
     D:3: 1018 daAuts
     D:2: 676 daAuts
     D:4: 43 daAuts
